 Dungeon Crawl Stone Soup version 0.32-a0-779-g362cfcae2a (webtiles) character file.

Game seed: 12013097529517248794

14248 warriortoast the Fighter (level 11, -11/107 HPs)
             Began as a Minotaur Fighter on Mar 19, 2024.
             Was a High Priest of Okawaru.
             Mangled by a quicksilver ooze (16 damage)
             ... in an ice cave.
             The game lasted 00:27:43 (13530 turns).

warriortoast the Fighter (Minotaur Fighter)        Turns: 13530, Time: 00:27:44

Health: -11/107    AC: 14    Str: 23    XL:     11   Next: 86%
Magic:  0/14       EV:  8    Int:  7    God:    Okawaru [*****.]
Gold:   604        SH:  4    Dex: 10    Spells: 10/10 levels left

rFire   x . .        a - +1 war axe
rCold   + + .        c - +0 buckler
rNeg    . . .        w - +0 scale mail {rPois}
rPois   +            (helmet restricted)
rElec   .            u - +1 cloak {Will+}
rCorr   .            r - +1 pair of gloves
SInv    .            N - +1 pair of boots
Will    +....        y - amulet of the acrobat Stlth
                     F - ring of protection from cold
HPRegen 0.37/turn    n - ring of ice
MPRegen 0.14/turn

%: acrobat
@: engulfed (cannot breathe)
A: horns 2, retaliatory headbutt
a: Renounce Religion, Heroism, Finesse, Duel


You were in an ice cave.
You worshipped Okawaru.
Okawaru was extremely pleased with you.
You visited 3 branches of the dungeon, and saw 14 of its levels.
You also visited: Sewer and Ice Cave.

You collected 604 gold pieces.

Inventory:

Hand Weapons
 a - a +1 war axe (weapon)
 P - a +3 morningstar of freezing
Missiles
 q - 3 boomerangs (quivered)
 x - 2 poisoned darts
 R - 5 javelins
Armour
 b - a +0 scale mail
 c - a +0 buckler (worn)
 e - the +2 robe of Optimism {rC+ rN+ Str+3 Dex+2}
   (You found it on level 3 of the Dungeon)

   Str+3:     It affects your strength (+3).
   Dex+2:     It affects your dexterity (+2).
   rC+:       It protects you from cold.
   rN+:       It protects you from negative energy.
 r - a +1 pair of gloves (worn)
 s - a +0 pair of boots
 u - a +1 cloak of willpower (worn)
 w - a +0 scale mail of poison resistance (worn)
 N - a +1 pair of boots (worn)
Jewellery
 i - a ring of wizardry
 m - a ring of magical power
 n - a ring of ice (right hand)
 y - an amulet of the acrobat (around neck)
 F - a ring of protection from cold (left hand)
 J - a ring of see invisible
Wands
 k - a wand of charming (15)
 t - a wand of light (6)
 O - a wand of flame (37)
 S - a wand of polymorph (4)
Scrolls
 g - 2 scrolls of amnesia
 j - 2 scrolls of noise
 o - 2 scrolls of vulnerability
 z - a scroll of enchant weapon
 B - a scroll of immolation
 D - 6 scrolls of blinking
 E - a scroll of enchant armour {unknown}
 H - a scroll of fog
 I - 5 scrolls of teleportation
 M - a scroll of torment
 T - a scroll of acquirement {unknown}
 U - 3 scrolls of identify
Potions
 d - 2 potions of might
 f - 3 potions of brilliance
 h - a potion of mutation
 l - 4 potions of heal wounds
 p - 4 potions of degeneration
 v - a potion of attraction
 A - 2 potions of haste
 G - a potion of resistance
 Q - 3 potions of curing


   Skills:
 + Level 13.5 Fighting
 - Level 11.2(12.0) Axes
 + Level 7.1(10.1) Maces & Flails
 - Level 5.0 Throwing
 + Level 5.5 Armour
 + Level 5.5 Shields
 + Level 6.4 Invocations
 + Level 5.8 Evocations


You had 10 spell levels left.
You didn't know any spells.
Your spell library contained the following spells:

 Spells                   Type           Power      Damage    Failure   Level
 Foxfire                  Conj/Fire      0%         2x1d4     78%         1
 Magic Dart               Conj           0%         1d3       78%         1
 Necrotise                Necr           0%         1d4       78%         1
 Searing Ray              Conj           0%         2d4       89%         2
 Sublimation of Blood     Necr           0%         N/A       89%         2
 Inner Flame              Hex/Fire       0%         N/A       98%         3
 Fulminant Prism          Conj/Alch      0%         3d5       100%        4
 Petrify                  Alch/Erth      0%         N/A       100%        4
 Irradiate                Conj/Alch      0%         3d11      100%        5
 Starburst                Conj/Fire      0%         6d3       100%        6
 Ozocubu's Refrigeration  Ice            0%         4d7       100%        7
 Polar Vortex             Ice            0%         N/A       100%        9
 Sculpt Simulacrum        Ice/Alch       Unusable   N/A       N/A         6
 Infestation              Necr           Unusable   N/A       N/A         8

Dungeon Overview and Level Annotations

Branches:
Dungeon (11/15)            Temple (1/1) D:6             Orc (2/2) D:9
    Elf (0/3) Orc:2         Sewer (visited)           IceCv (1/1)
   Lair: D:8-11

Altars:
Ashenzari
Cheibriados
Dithmenos
Elyvilon
Fedhas
Gozag
Hepliaklqana
Kikubaaqudgha
Makhleb
Nemelex Xobeh
Okawaru
Qazlal
Ru
Sif Muna
Trog
Uskayaw
Vehumet
Wu Jian
Xom
Yredelemnul
Zin
The Shining One

Shops:
D:1 *   D:2 [

Annotations:
D:10 exclusion: large abomination IceCv exclusion: ice statue


Innate Abilities, Weirdness & Mutations

You have a pair of horns on your head.
You reflexively headbutt those who attack you in melee.


Message History

The quicksilver ooze is severely wounded.
Your lungs strain for air!
The quicksilver ooze hits you.
You block the quicksilver ooze's attack.
You slash the quicksilver ooze!
The quicksilver ooze is almost dead.
Your lungs strain for air!
The quicksilver ooze hits you.
The quicksilver ooze hits you but does no damage.
The quicksilver ooze hits you! x2
You feel your power leaking away.
You barely miss the quicksilver ooze. You headbutt the quicksilver ooze.
The quicksilver ooze is almost dead.
Your lungs strain for air!
The quicksilver ooze hits you.
The quicksilver ooze hits you but does no damage.
The quicksilver ooze hits you.
The quicksilver ooze hits you but does no damage.
You miss the quicksilver ooze.
The quicksilver ooze is almost dead.
Your lungs strain for air!
The quicksilver ooze hits you. The quicksilver ooze barely misses you.
Unknown command.
You barely miss the quicksilver ooze.
The quicksilver ooze is almost dead.
* * * LOW HITPOINT WARNING * * *
Your lungs strain for air!
The quicksilver ooze hits you.
* * * LOW HITPOINT WARNING * * *
The quicksilver ooze closely misses you.
You cannot call out to Okawaru while unable to breathe.
You miss the quicksilver ooze.
The quicksilver ooze is almost dead.
* * * LOW HITPOINT WARNING * * *
Your lungs strain for air!
The quicksilver ooze hits you!
* * * LOW HITPOINT WARNING * * *
The quicksilver ooze completely misses you.
The quicksilver ooze hits you!
You die...

# #. ... ########### #### ....
#.........### ...###....##
###...........##
.....###..☼I###J@...###......#
..#....##.........######.....#
..##....####....###.[.###....#
...##....########...[##.....##
....###......##.....##.....##
##....####.......####...####
###.....###...####....##
###.....#####.....###
####.........####


You could see a quicksilver ooze.

Vanquished Creatures
  The ghost of dcgchant the Skirmisher, a novice DgHu (D:9)
  2 two-headed ogres
  A cyclops (Orc:1)
  2 kobold blastminers (Orc:1)
  An ice statue (IceCv)
  A kobold demonologist (D:9)
  A troll (Orc:1)
  Grinder (D:5)
  Prince Ribbit (D:8)
  2 wraiths (D:10)
  16 yaks
  3 slime creatures (IceCv)
  Eustachio (D:4)
  2 steam dragons
  The ghost of Roake the Sneak, an amateur HuBr (D:3)
  Menkaure (D:5)
  A water moccasin (D:9)
  2 great orb of eyes simulacra (IceCv)
  Duvessa (D:6)
  8 orc warriors
  A black bear (D:5)
  An ogre (D:5)
  6 centaurs
  A phantom (D:6)
  2 kobold brigands
  A slime creature simulacrum (IceCv)
  6 bullfrogs
  4 scorpions
  2 glowing shapeshifter simulacra (IceCv)
  22 wights
  Dowan (D:6)
  24 killer bees
  4 howler monkeys
  6 electric eels (D:8)
  2 jellies
  6 orc priests
  2 bombardier beetles
  6 hounds
  Crazy Yiuf (D:2)
  Ijyb (D:5)
  4 iguanas
  Natasha (thrice) (D:2)
  7 orc wizards
  A shapeshifter simulacrum (IceCv)
  2 gnolls
  8 adders
  5 river rats (Sewer)
  13 white imps
  An ufetubus (D:5)
  3 dart slugs
  A ribbon worm (D:2)
  36 orcs
  5 bats
  4 endoplasms
  2 giant cockroaches (D:5)
  4 goblins
  8 hobgoblins
  7 jackals (D:2)
  3 quokkas
  13 ball pythons
  6 frilled lizards
  11 kobolds
  20 rats
315 creatures vanquished.

Notes
Turn   | Place    | Note
-------+----------+-------------------------------------------
     0 | D:1      | warriortoast the Minotaur Fighter began the quest for the
                  | Orb.
     0 | D:1      | Reached XP level 1. HP: 19/19 MP: 0/0
    42 | D:1      | Found a faded altar of an unknown god.
   111 | D:1      | Reached skill level 4 in Fighting
   111 | D:1      | Reached XP level 2. HP: 27/27 MP: 1/1
   487 | D:1      | Found Dakuh's General Store.
   664 | D:2      | Noticed Natasha
   674 | D:2      | Killed Natasha
   675 | D:2      | Reached XP level 3. HP: 23/34 MP: 2/2
  1053 | D:2      | Found Ycyidghom's Antique Armour Boutique.
  1067 | D:2      | Noticed Natasha
  1073 | D:2      | Killed Natasha
  1074 | D:2      | Reached XP level 4. HP: 41/41 MP: 3/3
  1080 | D:2      | Reached skill level 5 in Fighting
  1181 | D:2      | Found a runed translucent door.
  1182 | D:2      | Noticed Crazy Yiuf
  1413 | D:2      | Noticed Natasha
  1420 | D:2      | Killed Natasha
  1496 | D:2      | Reached XP level 5. HP: 48/48 MP: 4/4
  1697 | D:2      | Killed Crazy Yiuf
  1698 | D:2      | Reached skill level 5 in Axes
  1846 | D:3      | Found a runed translucent gate.
  1847 | D:3      | Found a runed translucent gate.
  1848 | D:3      | Found a runed translucent gate.
  1851 | D:3      | Noticed Roake's ghost (amateur HuBr)
  1864 | D:3      | Got Sif Muna's Papyrus of Unholy Magic and Ashes
  2033 | D:3      | Identified the +2 robe of Optimism {rC+ rN+ Str+3 Dex+2}
  2623 | D:3      | Killed Roake's ghost
  2624 | D:3      | Reached skill level 6 in Fighting
  2624 | D:3      | Reached skill level 1 in Throwing
  2624 | D:3      | Reached XP level 6. HP: 53/57 MP: 5/5
  2846 | D:4      | Noticed Eustachio
  2854 | D:4      | Killed Eustachio
  2855 | D:4      | Reached XP level 7. HP: 52/64 MP: 6/6
  3032 | D:4      | Reached skill level 7 in Fighting
  3256 | D:5      | Entered Level 5 of the Dungeon
  3275 | D:5      | Noticed Ijyb
  3289 | D:5      | Killed Ijyb
  3310 | D:5      | Found a glowing drain.
  3323 | Sewer    | Entered a sewer
  3704 | D:5      | Noticed Grinder
  3713 | D:5      | Killed Grinder
  3714 | D:5      | Reached skill level 8 in Fighting
  3714 | D:5      | Reached XP level 8. HP: 55/74 MP: 7/7
  3997 | D:5      | Found a blossoming altar of Fedhas.
  4198 | D:5      | Noticed Menkaure
  4205 | D:5      | Killed Menkaure
  4212 | D:5      | HP: 2/75 [burnt (4)]
  4549 | D:5      | Reached skill level 5 in Throwing
  4670 | D:5      | Reached skill level 9 in Fighting
  4949 | D:6      | Noticed Duvessa
  4949 | D:6      | Noticed Dowan
  4956 | D:6      | Killed Duvessa
  4957 | D:6      | Reached XP level 9. HP: 55/85 MP: 8/8
  4969 | D:6      | Killed Dowan
  5116 | D:6      | Reached skill level 10 in Fighting
  5122 | D:6      | Found a staircase to the Ecumenical Temple.
  5153 | Temple   | Entered the Ecumenical Temple
  5197 | Temple   | Became a worshipper of Warmaster Okawaru
  5477 | D:6      | Reached skill level 10 in Axes
  6020 | D:7      | Reached skill level 11 in Fighting
  6053 | D:7      | Reached * piety under Okawaru
  6502 | D:7      | Reached skill level 1 in Invocations
  6506 | D:7      | Reached skill level 1 in Evocations
  7281 | D:8      | Reached XP level 10. HP: 94/96 MP: 10/10
  7446 | D:8      | Reached skill level 1 in Maces & Flails
  7537 | D:8      | Identified the +0 leather armour of Filth {Harm rN+}
  7557 | D:8      | Noticed Prince Ribbit
  7561 | D:8      | Killed Prince Ribbit
  8583 | D:9      | Reached ** piety under Okawaru
  8584 | D:9      | Reached skill level 12 in Fighting
  8635 | D:9      | Noticed dcgchant's ghost (novice DgHu)
  8875 | D:9      | Found a staircase to the Orcish Mines.
  9477 | D:9      | Reached *** piety under Okawaru
  9644 | D:9      | Found a runed translucent door.
 10173 | D:9      | Killed dcgchant's ghost
 10174 | D:9      | Reached skill level 5 in Maces & Flails
 10174 | D:9      | Reached skill level 5 in Invocations
 10174 | D:9      | Reached XP level 11. HP: 46/105 MP: 13/13
 10374 | D:10     | Entered Level 10 of the Dungeon
 10680 | D:10     | Noticed a two-headed ogre
 10922 | D:10     | Reached **** piety under Okawaru
 11132 | D:10     | Found an ancient bone altar of Kikubaaqudgha.
 11132 | D:10     | Noticed a large abomination
 11166 | D:10     | Reached skill level 13 in Fighting
 11170 | D:10     | Reached skill level 5 in Evocations
 11452 | D:10     | Killed a two-headed ogre
 11654 | D:11     | Noticed a skeletal warrior
 11946 | D:11     | Noticed a two-headed ogre
 11959 | D:11     | Killed a two-headed ogre
 11959 | D:11     | Reached ***** piety under Okawaru
 12317 | Orc:1    | Entered Level 1 of the Orcish Mines
 12364 | Orc:1    | Reached skill level 5 in Armour
 12364 | Orc:1    | Reached skill level 5 in Shields
 12626 | Orc:2    | Entered Level 2 of the Orcish Mines
 12626 | Orc:2    | Found a staircase to the Elven Halls.
 12669 | Orc:1    | Found a frozen archway.
 12701 | IceCv    | Entered an ice cave
 13517 | IceCv    | Noticed a quicksilver ooze
 13530 | IceCv    | HP: 5/107 [quicksilver ooze (15)]
 13530 | IceCv    | Mangled by a quicksilver ooze

Illustrated notes

Levels and vault maps discovered:
D:1:      heliophobic_arrival_enchanted_forest, layout_basic,
          basic_ecumenical_altar, serial_shops, nicolae_shop_window_shopping,
          nicolae_the_louvre
D:2:      minmay_recursive_quarters, layout_loops_ring, serial_shops, shop,
          uniq_natasha, uniq_crazy_yiuf_cottage
D:3:      layout_loops_ring, gammafunk_ghost_split
D:4:      layout_cave_pools, uniq_eustachio
D:5:      minmay_octagon_keep, layout_layer_cave, fedhas_altar_4,
          portal_sewer_entry_f, uniq_grinder, uniq_ijyb, uniq_menkaure
D:6:      layout_rooms, minmay_temple_entry_arrows, uniq_duvessa
D:7:      layout_loops_corners, minmay_misc_feat_rows
D:8:      layout_basic, chequers_big_river, kb_lookout_dungeons_type,
          uniq_prince_ribbit1
D:9:      layout_basic, david_orc_1_choice, hellmonk_ghost_happy_afterlife
D:10:     layout_roguey, roadster_capsule_ark_zombie
D:11:     fort_yaktaur, layout_stronghold, grunt_lair_entry_orc_guard_hut
Temple:   regret_index_temple_sigil_plot
Orc:1:    layout_caves, portal_ice_cave_entry_imps,
          gammafunk_ghost_abyssal_escape, serial_shops, shop,
          nicolae_shop_rolling_square, uniq_snorg, uniq_harold, uniq_sonja
Orc:2:    kennysheep_orc_mage_school, layout_diamond_mine, serial_shops,
          nicolae_shop_bloodbath_and_beyond, uniq_josephine
IceCv:    ice_cave_hellmonk_azure_passage

Skill      XL: |  1  2  3  4  5  6  7  8  9 10 11 |
---------------+----------------------------------+-----
Fighting       | 4 5 6 8 9 11 12 13 | 13.5
Axes           | 3 4 5 6 7 9 11 | 11.2
Throwing       | 1 2 4 5 |  5.0
Invocations    | 2 5 6 |  6.4
Evocations     | 2 4 5 |  5.8
Maces & Flails | 5 7 |  7.1
Armour         | 5 |  5.5
Shields        | 5 |  5.5

Action                     |  1- 3 |  4- 6 |  7- 9 | 10-12 || total
---------------------------+-------+-------+-------+-------++-------
  Melee: War axe           |    46 |    78 |   327 |   229 ||   680
         Headbutt          |     2 |    14 |    52 |    71 ||   139
         Morningstar       |       |       |       |   154 ||   154
  Throw: Boomerang         |       |       |    56 |    90 ||   146
         Dart              |       |       |     4 |    16 ||    20
         Javelin           |       |       |       |     7 ||     7
 Invoke: Heroism           |       |       |       |     6 ||     6
  Evoke: Wand              |       |       |       |     2 ||     2
    Use: Scroll            |       |    10 |     3 |    10 ||    23
         Potion            |       |     2 |     4 |     2 ||     8
   Stab: Invisible         |       |       |       |     1 ||     1
 Armour: Scale mail        |    33 |    76 |   279 |   350 ||   738
         Skin              |       |       |       |    14 ||    14
  Dodge: Dodged            |    19 |    34 |   174 |   183 ||   410
  Block: Buckler           |     7 |    12 |    74 |    86 ||   179

Table legend: (Time is in decaauts)
 A = Elapsed time spent in this place.
 B = Non-inter-level travel time spent in this place.
 C = Inter-level travel time spent in this place.
 D = Time resting spent in this place.
 E = Time spent auto-exploring this place.
 F = Levels seen in this place.
 G = Mean time per level.
                   A        B        C        D        E       F      G
               +--------+--------+--------+--------+--------+-----+--------+
         Total |  13622 |  13211 |    411 |   3410 |   7521 |  16 |  851.4 |
       Dungeon |  12019 |  11629 |    390 |   2554 |   7232 |  11 | 1092.6 |
        Temple |     80 |     59 |     21 |      0 |     14 |   1 |   80.0 |
  Orcish Mines |    369 |    369 |      0 |    247 |      0 |   2 |  184.5 |
         Sewer |    327 |    327 |      0 |      0 |    210 |   1 |  327.0 |
      Ice Cave |    825 |    825 |      0 |    609 |     65 |   1 |  825.0 |
               +--------+--------+--------+--------+--------+-----+--------+

Top non-repeatable levels by time:
     D:9: 2118 daAuts
     D:8: 1672 daAuts
    D:10: 1581 daAuts
     D:5: 1400 daAuts
     D:7: 1228 daAuts
     D:2: 1107 daAuts
     D:3: 918 daAuts
   IceCv: 825 daAuts
     D:1: 671 daAuts
     D:4: 598 daAuts
     D:6: 582 daAuts
   Orc:1: 357 daAuts
   Sewer: 327 daAuts
    D:11: 138 daAuts
  Temple: 80 daAuts
